 Dungeon Crawl Stone Soup version 0.30.0-11-gf55b779eaf (webtiles) character file.

Game seed: 15610082328396842915

113 jasper the Charlatan (level 4, -2/19 HPs)
             Began as a Spriggan Artificer on May 16, 2023.
             Was a Believer of Vehumet.
             Succumbed to a water moccasin's poison
             ... on level 3 of the Dungeon.
             The game lasted 00:05:36 (2769 turns).

jasper the Charlatan (Spriggan Artificer)           Turns: 2769, Time: 00:05:36

Health: -2/19      AC:  2    Str:  7 (8)  XL:     4   Next: 65%
Magic:  3/8        EV: 19    Int: 11 (14) God:    Vehumet [**....]
Gold:   176        SH:  0    Dex: 20 (21) Spells: 4/7 levels left

rFire   . . .        g - +1 flail (protect)
rCold   x . .        (no shield)
rNeg    . . .        b - +0 robe
rPois   .            (helmet restricted)
rElec   .            (no cloak)
rCorr   .            (gloves unavailable)
SInv    +            (boots unavailable)
Will    .....        k - amulet of the acrobat
Stlth   ++           m - +6 ring of dexterity
HPRegen 0.23/turn    o - ring of wizardry
MPRegen 0.11/turn

%: acrobat, wizardry (x1)
@: lethally poisoned (-2 -> -9), very quick
A: very small, no large weapons, unfitting armour, see invisible, speed 3, frail
1, cold vulnerability 1
a: Renounce Religion


You were on level 3 of the Dungeon.
You worshipped Vehumet.
Vehumet was pleased with you.
You visited 1 branch of the dungeon, and saw 3 of its levels.

You collected 176 gold pieces.

Inventory:

Hand Weapons
 a - a +0 club
 g - a +1 flail of protection (weapon)
 q - a +0 short sword
Armour
 b - a +0 robe (worn)
Jewellery
 j - a ring of wizardry
 k - an amulet of the acrobat (around neck)
 m - a +6 ring of dexterity (left hand)
 o - a ring of wizardry (right hand)
Wands
 d - a wand of charming (13)
 e - a wand of iceblast (2)
Scrolls
 h - a scroll of acquirement {unknown}
 i - a scroll of teleportation {unknown}
 l - a scroll of fear {unknown}
 n - a scroll of identify
 p - a scroll of poison
Potions
 c - 2 potions of might
 f - a potion of ambrosia


   Skills:
 - Level 1.2 Fighting
 - Level 3.7 Dodging
 - Level 2.6 Stealth
 + Level 2.1 Spellcasting
 * Level 2.4 Earth Magic
 - Level 4.4 Evocations


You had 4 spell levels left.
You knew the following spells:

 Your Spells              Type           Power      Damage    Failure   Level
a - Sandblast             Erth           12%        2d6       4%          1
b - Searing Ray           Conj           2%         2d4       17%         2

Your spell library contained the following spells:

 Spells                   Type           Power      Damage    Failure   Level
 Momentum Strike          Conj/Tloc      2%         3d8       17%         2
 Magic Dart               Conj           4%         1d3       12%         1
 Call Canine Familiar     Summ           1%         N/A       32%         3
 Ozocubu's Armour         Ice            1%         N/A       32%         3
 Portal Projectile        Hex/Tloc       2%         N/A       32%         3
 Leda's Liquefaction      Hex/Erth       1%         N/A       54%         4
 Fulminant Prism          Conj/Hex       0%         3d5       71%         4
 Metabolic Englaciation   Hex/Ice        0%         N/A       95%         5
 Simulacrum               Ice/Necr       0%         N/A       100%        6


Dungeon Overview and Level Annotations

Branches:
Dungeon (3/15)

Altars:
Fedhas
Hepliaklqana
Sif Muna
Vehumet
Yredelemnul

Shops:
D:2 [

Annotations:
D:3 3 runed translucent doors, DrIncompetent's ghost, weakling AtFi; coolio's ghost, weakling DEHW


Innate Abilities, Weirdness & Mutations

You are very small and have problems with some larger weapons.
You are too small for most types of armour.
You have supernaturally acute eyesight. (SInv)
You cover ground extremely quickly. (Speed+++)
You are frail. (-10% HP)
You are vulnerable to cold. (rC-)


Message History

Aiming: Sandblast (safe; 4% risk of failure)
Press: ? - help, Shift-Dir - straight line, f/p - water moccasin
Aim: a water moccasin (moderately wounded, 68% to hit)
The blast of sand misses the water moccasin.
The water moccasin completely misses you.
The water moccasin bites you.
You are poisoned.
The water moccasin poisons you!
You take 1 damage, and have 18/19 hp.
You now have 5/8 mp.
Casting: Sandblast (safe; 4% risk of failure)
Confirm with . or Enter, or press ? or * to list all spells.
Aiming: Sandblast (safe; 4% risk of failure)
Press: ? - help, Shift-Dir - straight line, f/p - water moccasin
Aim: a water moccasin (moderately wounded, 68% to hit)
The blast of sand hits the water moccasin.
The water moccasin is heavily wounded.
You feel very sick. The water moccasin barely misses you.
The water moccasin completely misses you.
You take 6 damage, and have 12/19 hp.
MASSIVE DAMAGE!!
Casting: Sandblast (safe; 4% risk of failure)
Confirm with . or Enter, or press ? or * to list all spells.
Aiming: Sandblast (safe; 4% risk of failure)
Press: ? - help, Shift-Dir - straight line, f/p - water moccasin
Aim: a water moccasin (heavily wounded, 68% to hit)
The blast of sand hits the water moccasin but does no damage.
The water moccasin is heavily wounded.
You feel very sick. The water moccasin bites you!
* * * LOW HITPOINT WARNING * * *
The water moccasin closely misses you.
You take 11 damage, and have 1/19 hp.
MASSIVE DAMAGE!!
You now have 4/8 mp.
Casting: Sandblast (safe; 4% risk of failure)
Confirm with . or Enter, or press ? or * to list all spells.
Aiming: Sandblast (safe; 4% risk of failure)
Press: ? - help, Shift-Dir - straight line, f/p - water moccasin
Aim: a water moccasin (heavily wounded, 68% to hit)
The blast of sand hits the water moccasin!
The water moccasin is severely wounded.
You die...

#........# #........#
####### #........#
##>....######........#
#.............)......'
#.........<..........#
#.....#..#.#.........#
#.....#..#.#..#.#.....
#....@##.###....(.....
#....S........###.....
##.....##+####.#
######
#...........##.#
######
#.......#§#....#
#.....
#.......#§#.####
#.^... #......##§###
#..... ##.....#§§§#
#..... #.....#._.#
#.....


You could see a water moccasin.

Vanquished Creatures
  An orc wizard (D:3)
  2 adders
  4 orcs (D:3)
  7 ball pythons
  7 bats
  9 endoplasms
  A giant cockroach (D:1)
  3 goblins
  4 hobgoblins
  7 jackals (D:1)
  A quokka (D:3)
  4 frilled lizards
  2 kobolds
  6 rats
58 creatures vanquished.

Vanquished Creatures (collateral kills)
  An endoplasm (D:2)
  A hobgoblin (D:2)
2 creatures vanquished.

Grand Total: 60 creatures vanquished

Notes
Turn   | Place    | Note
-------+----------+-------------------------------------------
     0 | D:1      | jasper the Spriggan Artificer began the quest for the Orb.
     0 | D:1      | Reached XP level 1. HP: 9/9 MP: 2/2
   137 | D:1      | Reached skill level 1 in Fighting
   153 | D:1      | Reached XP level 2. HP: 11/14 MP: 3/3
   515 | D:1      | Found a faded altar of an unknown god.
   527 | D:1      | Prayed at the altar of an unknown god.
   527 | D:1      | Became a worshipper of Vehumet
   527 | D:1      | Reached * piety under Vehumet
   527 | D:1      | Offered knowledge of Sandblast by Vehumet.
   530 | D:1      | Learned a level 1 spell: Sandblast
   658 | D:1      | Reached XP level 3. HP: 18/18 MP: 2/4
  1100 | D:2      | Reached skill level 1 in Earth Magic
  1393 | D:2      | Reached skill level 1 in Spellcasting
  1551 | D:2      | Found Ruethreufu's Armour Boutique.
  1988 | D:3      | Learned a level 2 spell: Searing Ray
  2006 | D:3      | Found a shimmering blue altar of Sif Muna.
  2006 | D:3      | Found a basalt altar of Yredelemnul.
  2029 | D:3      | Reached ** piety under Vehumet
  2029 | D:3      | Offered knowledge of Momentum Strike by Vehumet.
  2099 | D:3      | Gained mutation: You occasionally lose the ability to drink
                  | potions when taking damage. [potion of mutation]
  2099 | D:3      | Gained mutation: A frigid envelope surrounds you and
                  | freezes all who hurt you. [potion of mutation]
  2103 | D:3      | Reached XP level 4. HP: 10/22 MP: 3/7
  2128 | D:3      | Lost mutation: You occasionally lose the ability to drink
                  | potions when taking damage. [potion of mutation]
  2128 | D:3      | Lost mutation: A frigid envelope surrounds you and freezes
                  | all who hurt you. [potion of mutation]
  2128 | D:3      | Gained mutation: You are frail. (-10% HP) [potion of
                  | mutation]
  2128 | D:3      | Gained mutation: You are vulnerable to cold. (rC-) [potion
                  | of mutation]
  2457 | D:3      | Found a blossoming altar of Fedhas.
  2606 | D:3      | Found a runed translucent gate.
  2606 | D:3      | Found a runed translucent gate.
  2606 | D:3      | Found a runed translucent gate.
  2610 | D:3      | Noticed coolio's ghost (weakling DEHW)
  2610 | D:3      | Noticed DrIncompetent's ghost (weakling AtFi)
  2700 | D:3      | Found a hazy altar of Hepliaklqana.
  2730 | D:3      | Noticed a water moccasin
  2769 | D:3      | Succumbed to a water moccasin's poison

Illustrated notes

Levels and vault maps discovered:
D:1:      minmay_arrival_shattered_statue, layout_loops_cross,
          chequers_ecumenical_altar_grove, serial_bayou_pond_e
D:2:      layout_loops_ring, serial_shops, nicolae_shop_window_shopping,
          serial_park_tiny_pond
D:3:      layout_basic, nzn_hepliaklqana_mist_gate,
          lemuel_coloured_pillars_altar,
          chequers_temple_overflow_statue_of_worship, gammafunk_ghost_cemetery,
          minmay_strange_pillars

Skill      XL: |  1  2  3  4 |
---------------+-------------+-----
Fighting       | 1 |  1.2
Stealth        | 2 |  2.6
Earth Magic    | 2 |  2.4
Spellcasting   | 1 2 |  2.1
Dodging        | |  3.7
Evocations     | |  4.4

Action                     |  1- 3 |  4- 6 || total
---------------------------+-------+-------++-------
  Melee: Club              |    62 |       ||    62
         Flail             |     2 |       ||     2
   Cast: Sandblast         |    50 |    31 ||    81
  Evoke: Wand              |    19 |     1 ||    20
    Use: Scroll            |     7 |       ||     7
         Potion            |     3 |     1 ||     4
   Stab: Sleeping          |     1 |       ||     1
 Armour: Robe              |    16 |     1 ||    17
  Dodge: Dodged            |   126 |    23 ||   149
